 Dungeon Crawl Stone Soup version 0.30-a0-161-gdd60e06945 (webtiles) character file.

Game seed: 10958091621739581831

15173 qw the Cleaver (level 12, -14/77 HPs)
             Began as a Gargoyle Fighter on Sept 27, 2022.
             Was an Elder of Okawaru.
             Killed from afar by an ice dragon (43 damage)
             ... with a blast of cold
             ... on level 3 of the Lair of Beasts.
             The game lasted 00:04:21 (12072 turns).

qw the Cleaver (Gargoyle Fighter)                  Turns: 12072, Time: 00:04:22

Health: -14/77     AC: 32    Str: 24    XL:     12   Next: 24%
Magic:  14/16      EV:  8    Int: 10    God:    Okawaru [****..]
Gold:   391        SH: 11    Dex:  7    Spells: 11/11 levels left

rFire   . . .      SeeInvis .    b - +0 war axe (vamp)
rCold   . . .      Faith    .    c - +0 buckler
rNeg    + . .      Spirit   .    s - +0 plate armour
rPois   inf        Reflect  +    g - +1 helmet
rElec   +          Harm     .    m - +1 cloak
rCorr   .          Rampage  .    (no gloves)
Will    +....      Clarity  +    x - +0 pair of boots
Stlth   ..........               e - amulet of reflection
HPRegen 0.22/turn                j - +4 ring of slaying {mikee}
MPRegen 0.15/turn                r - ring of willpower

@: heroic
A: sickness immunity, AC +8, negative energy resistance 1, electricity
resistance, torment resistance 1, petrification resistance, talons 1, clarity,
clumsy 1
a: Renounce Religion, Heroism, Finesse


You were on level 3 of the Lair of Beasts.
You worshipped Okawaru.
Okawaru was greatly pleased with you.
You visited 2 branches of the dungeon, and saw 12 of its levels.
You also visited: Sewer.

You collected 793 gold pieces.
You spent 402 gold pieces at shops.


Innate Abilities, Weirdness & Mutations

You are immune to sickness and miasma.
Your stone body is resilient. (AC +8)
You are immune to poison.
You resist negative energy. (rN+)
You are resistant to electric shocks. (rElec)
You are resistant to unholy torment.
You are immune to petrification.
You have sharp toenails.
You possess an exceptional clarity of mind.
You are clumsy. (Dex -2)


   Skills:
 - Level 10.0(15.0) Fighting
 + Level 12.3(17.3) Axes
 - Level 4.3(9.3) Throwing
 - Level 9.0(14.0) Armour
 - Level 1.4(6.4) Dodging
 - Level 6.2(11.2) Shields
 + Level 5.8 Invocations


You had 11 spell levels left.
You didn't know any spells.
Your spell library was empty.

Inventory:

Hand Weapons
 b - a +0 vampiric war axe (weapon)
 u - a +0 morningstar
Missiles
 i - 3 javelins (quivered)
 y - 6 boomerangs
Armour
 c - a +0 buckler (worn)
 g - a +1 helmet (worn)
 h - a +2 scale mail of fire resistance
 l - +0 acid dragon scales
 m - a +1 cloak (worn)
 s - a +0 plate armour (worn)
 x - a +0 pair of boots (worn)
Jewellery
 e - an amulet of reflection (around neck)
 j - a +4 ring of slaying (left hand) {mikee}
 r - a ring of willpower (right hand)
Scrolls
 a - 2 scrolls of identify
 k - 2 scrolls of brand weapon
Potions
 d - 2 potions of might
 f - a potion of heal wounds
 n - 10 potions of curing
 o - a potion of lignification
 p - a potion of resistance
 q - 2 potions of haste
 t - 3 potions of attraction
 v - 2 potions of mutation
 A - a potion of cancellation

Dungeon Overview and Level Annotations

Branches:
Dungeon (9/15)             Temple (0/1) D:5            Lair (3/5) D:8
 Shoals (0/4) Lair:2        Sewer (visited)
  Snake: Lair:2-3    Spider: Lair:2-3       Orc: D:9-12

Altars:
Cheibriados
Fedhas
Okawaru
Qazlal
Ru

Shops:
D:3 =   D:6 *:[   D:7 (   D:8 !   D:9 (

Annotations:
D:1 1 transporter
Lair:2 1 runed translucent door, qw's ghost, journeyman GrFi


Message History

The ice dragon tramples you.
You stumble backwards!
Found an escape hatch in the floor.
You barely miss the ice dragon.
The ice dragon is moderately wounded.
You closely miss the ice dragon.
The ice dragon is moderately wounded.
The ice dragon bites you but does no damage.
The ice dragon claws you but does no damage.
The ice dragon tramples you but does no damage.
You slash the ice dragon!
You feel better.
The ice dragon is heavily wounded.
The ice dragon bites you but does no damage.
The ice dragon claws you but does no damage.
The ice dragon tramples you but does no damage.
You hit the ice dragon.
The ice dragon is heavily wounded.
You closely miss the rime drake.
The rime drake bites you but does no damage.
You barely miss the ice dragon.
The ice dragon is heavily wounded.
You barely miss the rime drake.
The ice dragon bites you but does no damage.
The ice dragon claws you!
The ice dragon tramples you but does no damage.
You block the rime drake's attack.
You closely miss the ice dragon.
The ice dragon is heavily wounded.
You slash the water moccasin! You slash the rime drake!
You feel better.
The ice dragon bites you but does no damage.
The ice dragon claws you but does no damage.
You block the ice dragon's attack.
The water moccasin bites you but does no damage.
You closely miss the ice dragon.
The ice dragon is heavily wounded.
You slash the water moccasin!
You feel better.
You barely miss the rime drake.
The rime drake bites you but does no damage.
The ice dragon breathes frost at you. The blast of cold hits you!!!
Ouch! That really hurt!
You die...

# ## .###P#.####
>....P..S%####
.....P.@k....#
#.##.###D....# #
##.##.## #.##..#
.(##..# S..##.##
#.# .P..#P..#
P.....#########.##
..........# #P..#


You could see an ice dragon (catching breath), a rime drake and a water
moccasin.

Vanquished Creatures
  Harold (D:9)
  2 oklob plants (Lair:1)
  4 black mambas
  6 elephants
  A kobold demonologist (D:9)
  Maggie (D:9)
  5 cane toads
  2 komodo dragons
  A rime drake (Lair:2)
  A polar bear (Lair:3)
  Grinder (D:5)
  4 blink frogs (Lair:2)
  A wyvern (Lair:1)
  6 yaks (Lair:1)
  2 basilisks (Lair:2)
  A steam dragon (D:7)
  Grum (D:8)
  An acid dragon (D:7)
  5 water moccasins
  2 sky beasts
  5 ice beasts
  An orc warrior (D:7)
  4 black bears
  2 ogres
  4 wolves (D:8)
  6 centaurs
  A phantom (D:5)
  3 kobold brigands (Sewer)
  2 necrophages (D:8)
  A gnoll sergeant (D:5)
  3 scorpions
  6 bullfrogs
  7 killer bees
  A howler monkey (D:8)
  2 hounds
  3 jellies
  2 orc priests (D:6)
  2 iguanas (D:4)
  8 orc wizards
  A hell rat (D:8)
  10 adders
  12 gnolls
  10 river rats
  2 shadow imps (D:5)
  An ufetubus (D:5)
  3 worms
  5 dart slugs
  17 orcs
  11 endoplasms
  5 giant cockroaches
  17 goblins
  12 hobgoblins
  13 jackals
  10 quokkas
  15 ball pythons
  5 bats
  2 frilled lizards
  26 kobolds
  35 rats
323 creatures vanquished.

Vanquished Creatures (others)
  Sonja (Lair:2)
  2 fungi
  20 plants
23 creatures vanquished.

Grand Total: 346 creatures vanquished

Notes
Turn   | Place    | Note
-------+----------+-------------------------------------------
     0 | D:1      | qw the Gargoyle Fighter began the quest for the Orb.
     0 | D:1      | Reached XP level 1. HP: 14/14 MP: 1/1
     0 | D:1      | 0 ||| qw: Version: 0.2-a-10-g37ed214
     0 | D:1      | 0 ||| qw: Game counter: 628
     0 | D:1      | 0 ||| qw: Always use a shield: true
     0 | D:1      | 0 ||| qw: God list: Okawaru
     0 | D:1      | 0 ||| qw: Allow faded altars: false
     0 | D:1      | 0 ||| qw: Do Orc after D:15 true
     0 | D:1      | 0 ||| qw: Do second Lair branch before Depths: true
     0 | D:1      | 0 ||| qw: Lair rune preference: random
     0 | D:1      | 0 ||| qw: Plans: Normal, Zot:1-4, God:TSO, Crypt, Tomb,
                  | Pan, Slime:5, Hells, Abyss, Orb
     0 | D:1      | 0 ||| PLANNING D:1-11
    24 | D:1      | Reached skill level 2 in Axes
   277 | D:1      | Reached XP level 2. HP: 19/19 MP: 2/2
   748 | D:1      | Reached skill level 3 in Axes
   791 | D:1      | Found a faded altar of an unknown god.
   850 | D:1      | 850 ||| UPGRADING to +4 ring of slaying {mikee}.
   851 | D:1      | 851 ||| READING 2 scrolls labelled LINNUURUTH.
   852 | D:1      | 852 ||| READING scroll labelled LYPTIR JIUC.
   853 | D:1      | 853 ||| READING scroll labelled DOEFUKUKKUONO.
   922 | D:2      | Reached XP level 3. HP: 23/23 MP: 3/3
  1003 | D:2      | 1003 ||| Stepping ~*~*~tactically~*~*~ (stealth).
  1306 | D:2      | Reached XP level 4. HP: 28/28 MP: 4/4
  1326 | D:2      | 1326 ||| DROPPING +0 club.
  1366 | D:2      | 1366 ||| Stepping ~*~*~tactically~*~*~ (stealth).
  1759 | D:2      | 1759 ||| Stepping ~*~*~tactically~*~*~ (hiding).
  2141 | D:2      | 2141 ||| READING scroll labelled YCUGICS ASIOMP.
  2142 | D:2      | 2142 ||| READING scroll labelled FUEFIE QEMMEVI.
  2143 | D:2      | 2143 ||| READING scroll labelled RYIVVUVOHU.
  2144 | D:2      | 2144 ||| READING scroll labelled DAZUIM XAUNG.
  2145 | D:2      | 2145 ||| READING 2 scrolls of identify.
  2145 | D:2      | 2145 ||| IDENTIFYING glowing emerald potion
  2146 | D:2      | 2146 ||| DROPPING potion of invisibility.
  2173 | D:3      | Found Weza's Book Boutique.
  2231 | D:3      | Found Remuh's Jewellery Shop.
  2242 | D:3      | 2242 ||| SHOPLISTING +4 ring of protection (432 gold, have
                  | 134).
  2242 | D:3      | 2242 ||| SHOPLISTING amulet of guardian spirit (360 gold,
                  | have 134).
  2242 | D:3      | 2242 ||| SHOPLISTING amulet of reflection (360 gold, have
                  | 134).
  2242 | D:3      | 2242 ||| SHOPLISTING amulet of the acrobat (360 gold, have
                  | 134).
  2253 | D:3      | Reached skill level 1 in Throwing
  2268 | D:3      | Reached skill level 4 in Axes
  2299 | D:3      | 2299 ||| Stepping ~*~*~tactically~*~*~ (stealth).
  2301 | D:3      | 2301 ||| Stepping ~*~*~tactically~*~*~ (stealth).
  2376 | D:3      | 2376 ||| Stepping ~*~*~tactically~*~*~ (hiding).
  2661 | D:3      | Reached XP level 5. HP: 32/32 MP: 5/5
  3041 | D:3      | 3041 ||| DROPPING +2 leather armour of positive energy.
  3042 | D:3      | 3042 ||| UPGRADING to +0 cloak.
  3047 | D:3      | 3047 ||| UPGRADING to +0 plate armour.
  3057 | D:3      | 3057 ||| DROPPING +0 scale mail.
  3058 | D:3      | 3058 ||| READING scroll labelled PONGAK NULI.
  3059 | D:3      | 3059 ||| READING scroll labelled LIYJIO PAAMYU.
  3060 | D:3      | 3060 ||| DRINKING 2 smoky silvery potions.
  3061 | D:3      | 3061 ||| DRINKING 3 blue potions.
  3062 | D:3      | 3062 ||| READING 2 scrolls of identify.
  3062 | D:3      | 3062 ||| IDENTIFYING fizzy black potion
  3063 | D:3      | 3063 ||| DROPPING potion of brilliance.
  3067 | D:4      | Noticed a black bear
  3068 | D:4      | 3068 ||| PLANNING SEWER
  3068 | D:4      | 3068 ||| STAIRDANCE
  3074 | D:3      | Killed a black bear
  3075 | D:3      | Reached skill level 5 in Axes
  3075 | D:3      | Reached XP level 6. HP: 29/37 MP: 6/6
  3254 | D:4      | 3254 ||| Stepping ~*~*~tactically~*~*~ (stealth).
  3256 | D:4      | 3256 ||| Stepping ~*~*~tactically~*~*~ (stealth).
  3288 | D:4      | 3288 ||| Stepping ~*~*~tactically~*~*~ (stealth).
  3289 | D:4      | Found a glowing drain.
  3300 | Sewer    | Entered a sewer
  3319 | Sewer    | 3319 ||| Stepping ~*~*~tactically~*~*~ (stealth).
  3504 | Sewer    | Reached skill level 6 in Axes
  3504 | Sewer    | Reached XP level 7. HP: 43/43 MP: 7/7
  3534 | Sewer    | 3534 ||| READING scroll of brand weapon.
  3534 | Sewer    | 3534 ||| BRANDING +0 vorpal war axe.
  3571 | Sewer    | 3571 ||| Stepping ~*~*~tactically~*~*~ (stealth).
  3572 | Sewer    | 3572 ||| Stepping ~*~*~tactically~*~*~ (stealth).
  3627 | Sewer    | 3627 ||| READING scroll of brand weapon.
  3627 | Sewer    | 3627 ||| BRANDING +0 war axe of freezing.
  3798 | Sewer    | 3798 ||| READING scroll labelled WUOFEK OBRAUSM.
  3799 | Sewer    | 3799 ||| READING scroll labelled ACOITWI RUPLA.
  3800 | Sewer    | 3800 ||| READING scroll labelled UTOUG WUNALES.
  3823 | D:4      | 3823 ||| PLANNING D:1-11
  3849 | D:4      | 3849 ||| DROPPING +0 whip.
  3893 | D:4      | 3893 ||| Stepping ~*~*~tactically~*~*~ (stealth).
  3898 | D:4      | 3898 ||| Stepping ~*~*~tactically~*~*~ (stealth).
  4070 | D:4      | Found a sacrificial altar of Ru.
  4071 | D:4      | 4071 ||| Stepping ~*~*~tactically~*~*~ (stealth).
  4075 | D:4      | 4075 ||| Stepping ~*~*~tactically~*~*~ (stealth).
  4377 | D:4      | 4377 ||| DRINKING 2 fuming coppery potions.
  4378 | D:4      | 4378 ||| DRINKING 2 fizzy clear potions.
  4379 | D:4      | 4379 ||| READING 2 scrolls of identify.
  4379 | D:4      | 4379 ||| IDENTIFYING metallic red potion
  4380 | D:4      | 4380 ||| DROPPING potion of degeneration.
  4416 | D:5      | Entered Level 5 of the Dungeon
  4429 | D:5      | Reached skill level 7 in Axes
  4438 | D:5      | Reached XP level 8. HP: 48/48 MP: 8/8
  4691 | D:5      | HP: 8/50 [gnoll sergeant/+0 trident (7)]
  4692 | D:5      | 4692 ||| DRINKING 3 potions of heal wounds.
  4695 | D:5      | 4695 ||| DRINKING 2 potions of heal wounds.
  4701 | D:5      | Reached skill level 1 in Dodging
  4702 | D:5      | 4702 ||| Stepping ~*~*~tactically~*~*~ (hiding).
  4765 | D:5      | Found a blossoming altar of Fedhas.
  4838 | D:5      | Noticed Grinder
  4844 | D:5      | Killed Grinder
  4845 | D:5      | Reached skill level 8 in Axes
  4860 | D:5      | Found a staircase to the Ecumenical Temple.
  4901 | D:5      | 4901 ||| READING scroll of enchant armour.
  4901 | D:5      | 4901 ||| ENCHANTING +0 cloak.
  5067 | D:5      | 5067 ||| UPGRADING to ring of willpower.
  5068 | D:5      | 5068 ||| READING 2 scrolls of identify.
  5068 | D:5      | 5068 ||| IDENTIFYING dark potion
  5069 | D:5      | 5069 ||| DROPPING potion of ambrosia.
  5098 | D:6      | Found Werin's Book Shoppe.
  5099 | D:6      | 5099 ||| Stepping ~*~*~tactically~*~*~ (stealth).
  5100 | D:6      | 5100 ||| Stepping ~*~*~tactically~*~*~ (stealth).
  5177 | D:6      | 5177 ||| Stepping ~*~*~tactically~*~*~ (hiding).
  5189 | D:6      | Reached skill level 6 in Fighting
  5475 | D:6      | Found Gixop's Antique Armour Emporium.
  5489 | D:6      | 5489 ||| BUYING helmet (126 gold).
  5489 | D:6      | Bought a helmet for 126 gold pieces
  5500 | D:6      | 5500 ||| Stepping ~*~*~tactically~*~*~ (stealth).
  5694 | D:6      | 5694 ||| DROPPING +2 mace of protection.
  5764 | D:6      | Reached XP level 9. HP: 34/55 MP: 9/9
  5960 | D:6      | Found Qanuep Biqu's Assorted Antiques.
  5969 | D:6      | 5969 ||| BUYING coppery potion (24 gold).
  5969 | D:6      | Bought a coppery potion for 24 gold pieces
  5969 | D:6      | 5969 ||| BUYING fuming yellow potion (24 gold).
  5969 | D:6      | Bought a fuming yellow potion for 24 gold pieces
  5969 | D:6      | 5969 ||| BUYING morningstar (108 gold).
  5969 | D:6      | Bought a morningstar for 108 gold pieces
  5969 | D:6      | 5969 ||| SHOPLISTING pair of gloves (121 gold, have 2).
  5969 | D:6      | 5969 ||| SHOPLISTING puce potion (24 gold, have 2).
  5969 | D:6      | 5969 ||| SHOPLISTING shiny orb (324 gold, have 2).
  5969 | D:6      | 5969 ||| DROPPING +0 flail.
  6079 | D:6      | 6079 ||| UPGRADING to +0 helmet.
  6240 | D:6      | 6240 ||| UPGRADING to +0 pair of boots.
  6427 | D:6      | 6427 ||| UPGRADING to amulet of reflection.
  6432 | D:6      | 6432 ||| DRINKING 2 coppery potions.
  6432 | D:6      | Gained mutation: You are partially covered in iridescent
                  | scales. (AC +2) [potion of mutation]
  6432 | D:6      | Gained mutation: You occasionally lose the ability to drink
                  | potions when taking damage. [potion of mutation]
  6433 | D:6      | 6433 ||| DRINKING potion of mutation.
  6433 | D:6      | Lost mutation: You are partially covered in iridescent
                  | scales. (AC +2) [potion of mutation]
  6433 | D:6      | Lost mutation: You occasionally lose the ability to drink
                  | potions when taking damage. [potion of mutation]
  6433 | D:6      | Gained mutation: You have sharp toenails. [potion of
                  | mutation]
  6433 | D:6      | Gained mutation: You are clumsy. (Dex -2) [potion of
                  | mutation]
  6433 | D:6      | Gained mutation: You possess an exceptional clarity of
                  | mind. [potion of mutation]
  6434 | D:6      | 6434 ||| DRINKING 2 bubbling yellow potions.
  6539 | D:6      | 6539 ||| READING 4 scrolls of identify.
  6539 | D:6      | 6539 ||| IDENTIFYING bubbling silvery potion
  6540 | D:6      | 6540 ||| READING 3 scrolls of identify.
  6540 | D:6      | 6540 ||| IDENTIFYING fuming yellow potion
  6541 | D:6      | 6541 ||| DROPPING potion of flight.
  6542 | D:6      | 6542 ||| DROPPING potion of berserk rage.
  6622 | D:7      | Reached skill level 6 in Armour
  6814 | D:7      | 6814 ||| Stepping ~*~*~tactically~*~*~ (hiding).
  6815 | D:7      | 6815 ||| Stepping ~*~*~tactically~*~*~ (hiding).
  6826 | D:7      | Reached skill level 9 in Axes
  7029 | D:7      | Identified the +5 ring mail of the Hunter {+Inv rElec rF-
                  | Dex+3}
  7033 | D:7      | Found Niazuxt's Antique Weapon Shop.
  7036 | D:7      | 7036 ||| SHOPLISTING broad axe (128 gold, have 35).
  7350 | D:7      | 7350 ||| READING 3 scrolls of identify.
  7350 | D:7      | 7350 ||| IDENTIFYING brown potion
  7351 | D:7      | 7351 ||| DROPPING potion of magic.
  7385 | D:8      | Noticed Grum
  7386 | D:8      | 7386 ||| Stepping ~*~*~tactically~*~*~ (stealth).
  7413 | D:8      | Killed Grum
  7414 | D:8      | Reached XP level 10. HP: 63/63 MP: 10/10
  7422 | D:8      | 7422 ||| READING scroll of enchant armour.
  7422 | D:8      | 7422 ||| ENCHANTING +0 helmet.
  7590 | D:8      | 7590 ||| Stepping ~*~*~tactically~*~*~ (stealth).
  7593 | D:8      | 7593 ||| Stepping ~*~*~tactically~*~*~ (stealth).
  7597 | D:8      | Reached skill level 10 in Axes
  7622 | D:8      | 7622 ||| Stepping ~*~*~tactically~*~*~ (stealth).
  7660 | D:8      | 7660 ||| Stepping ~*~*~tactically~*~*~ (stealth).
  7822 | D:8      | 7822 ||| Stepping ~*~*~tactically~*~*~ (hiding).
  7852 | D:8      | Found a stormy altar of Qazlal.
  7917 | D:8      | Found Widong's Distillery.
  7920 | D:8      | 7920 ||| BUYING 2 potions of heal wounds (120 gold).
  7920 | D:8      | Bought 2 potions of heal wounds for 120 gold pieces
  7920 | D:8      | 7920 ||| SHOPLISTING potion of attraction (36 gold, have
                  | 20).
  7920 | D:8      | 7920 ||| SHOPLISTING potion of curing (36 gold, have 20).
  7920 | D:8      | 7920 ||| SHOPLISTING potion of haste (120 gold, have 20).
  7920 | D:8      | 7920 ||| SHOPLISTING potion of might (48 gold, have 20).
  7920 | D:8      | 7920 ||| SHOPLISTING potion of mutation (96 gold, have 20).
  7976 | D:8      | Found a staircase to the Lair.
  8010 | D:8      | 8010 ||| DROPPING amulet of faith.
  8011 | D:8      | 8011 ||| DROPPING amulet of the acrobat.
  8012 | D:8      | 8012 ||| READING 2 scrolls of identify.
  8012 | D:8      | 8012 ||| IDENTIFYING puce potion
  8041 | D:9      | 8041 ||| STAIRDANCE
  8057 | D:9      | 8057 ||| STAIRDANCE
  8071 | D:9      | 8071 ||| STAIRDANCE
  8148 | D:9      | Noticed Maggie
  8150 | D:9      | 8150 ||| Stepping ~*~*~tactically~*~*~ (hiding).
  8151 | D:9      | 8151 ||| Stepping ~*~*~tactically~*~*~ (hiding).
  8167 | D:9      | Killed Maggie
  8225 | D:9      | Found Jeotwahu's Weapon Shoppe.
  8288 | D:9      | Noticed Harold
  8289 | D:9      | 8289 ||| Stepping ~*~*~tactically~*~*~ (hiding).
  8290 | D:9      | 8290 ||| Stepping ~*~*~tactically~*~*~ (hiding).
  8317 | D:9      | Killed Harold
  8490 | D:9      | Found an iron altar of Okawaru.
  8491 | D:9      | 8491 ||| PLANNING OKAWARU WORSHIP
  8500 | D:9      | Became a worshipper of Warmaster Okawaru
  8501 | D:9      | 8501 ||| PLANNING D:1-11
  8537 | D:9      | Found a snail-covered altar of Cheibriados.
  8681 | D:9      | Noticed a kobold demonologist
  8684 | D:9      | 8684 ||| Stepping ~*~*~tactically~*~*~ (hiding).
  8685 | D:9      | 8685 ||| Stepping ~*~*~tactically~*~*~ (hiding).
  8691 | D:9      | Killed a kobold demonologist
  8907 | D:9      | 8907 ||| Stepping ~*~*~tactically~*~*~ (stealth).
  9002 | D:9      | 9002 ||| PLANNING LAIR
  9031 | Lair:1   | Entered Level 1 of the Lair of Beasts
  9043 | Lair:1   | Noticed a cane toad
  9048 | Lair:1   | Killed a cane toad
  9048 | Lair:1   | Reached * piety under Okawaru
  9049 | Lair:1   | 9049 ||| INVOKING Heroism.
  9060 | Lair:1   | Reached skill level 1 in Invocations
  9318 | Lair:1   | Noticed an elephant
  9319 | Lair:1   | Noticed an elephant
  9320 | Lair:1   | 9320 ||| Stepping ~*~*~tactically~*~*~ (stealth).
  9321 | Lair:1   | Noticed an elephant
  9322 | Lair:1   | 9322 ||| Stepping ~*~*~tactically~*~*~ (stealth).
  9326 | Lair:1   | Killed an elephant
  9336 | Lair:1   | 9336 ||| INVOKING Heroism.
  9343 | Lair:1   | Killed an elephant
  9344 | Lair:1   | Reached skill level 3 in Invocations
  9344 | Lair:1   | Reached XP level 11. HP: 48/69 MP: 9/13
  9461 | Lair:1   | Reached skill level 11 in Axes
  9592 | Lair:1   | 9592 ||| INVOKING Heroism.
  9636 | Lair:1   | Found a blossoming altar of Fedhas.
  9639 | Lair:1   | Noticed an oklob plant
  9640 | Lair:1   | 9640 ||| INVOKING Heroism.
  9641 | Lair:1   | Noticed an oklob plant
  9654 | Lair:1   | Killed an oklob plant
  9658 | Lair:1   | 9658 ||| READING 4 scrolls of teleportation.
  9659 | Lair:1   | 9659 ||| INVOKING Heroism.
  9840 | Lair:1   | 9840 ||| Stepping ~*~*~tactically~*~*~ (stealth).
  9842 | Lair:1   | 9842 ||| Stepping ~*~*~tactically~*~*~ (stealth).
  9864 | Lair:1   | 9864 ||| Stepping ~*~*~tactically~*~*~ (stealth).
  9866 | Lair:1   | 9866 ||| INVOKING Heroism.
  9884 | Lair:1   | Reached skill level 9 in Fighting
  9890 | Lair:1   | Reached ** piety under Okawaru
  9997 | Lair:1   | 9997 ||| INVOKING Heroism.
 10007 | Lair:1   | HP: 11/71 [oklob plant/splash of acid (23)]
 10008 | Lair:1   | 10008 ||| READING 3 scrolls of teleportation.
 10009 | Lair:1   | 10009 ||| DRINKING 4 potions of heal wounds.
 10239 | Lair:1   | 10239 ||| INVOKING Heroism.
 10256 | Lair:1   | 10256 ||| READING 2 scrolls of teleportation.
 10563 | Lair:1   | 10563 ||| INVOKING Heroism.
 10571 | Lair:1   | HP: 14/71 [oklob plant/splash of acid (24)]
 10572 | Lair:1   | 10572 ||| READING scroll of teleportation.
 10573 | Lair:1   | 10573 ||| DRINKING 3 potions of heal wounds.
 10575 | Lair:1   | Killed an oklob plant
 10869 | Lair:1   | 10869 ||| DROPPING scarf of harm.
 10870 | Lair:1   | 10870 ||| READING 2 scrolls of identify.
 10870 | Lair:1   | 10870 ||| IDENTIFYING metallic cyan potion
 10926 | Lair:2   | 10926 ||| INVOKING Heroism.
 10928 | Lair:2   | Found a staircase to the Shoals.
 10956 | Lair:2   | Reached *** piety under Okawaru
 10957 | Lair:2   | Reached skill level 12 in Axes
 11035 | Lair:2   | 11035 ||| INVOKING Heroism.
 11092 | Lair:2   | 11092 ||| INVOKING Heroism.
 11216 | Lair:2   | 11216 ||| Stepping ~*~*~tactically~*~*~ (hiding).
 11217 | Lair:2   | 11217 ||| INVOKING Heroism.
 11226 | Lair:2   | Reached skill level 9 in Armour
 11254 | Lair:2   | 11254 ||| INVOKING Heroism.
 11259 | Lair:2   | Reached skill level 6 in Shields
 11349 | Lair:2   | Found a runed translucent door.
 11352 | Lair:2   | Noticed qw's ghost (journeyman GrFi)
 11357 | Lair:2   | 11357 ||| INVOKING Heroism.
 11390 | Lair:2   | 11390 ||| Stepping ~*~*~tactically~*~*~ (stealth).
 11392 | Lair:2   | 11392 ||| Stepping ~*~*~tactically~*~*~ (hiding).
 11393 | Lair:2   | 11393 ||| Stepping ~*~*~tactically~*~*~ (hiding).
 11395 | Lair:2   | 11395 ||| Stepping ~*~*~tactically~*~*~ (hiding).
 11440 | Lair:2   | 11440 ||| Stepping ~*~*~tactically~*~*~ (stealth).
 11481 | Lair:2   | 11481 ||| INVOKING Heroism.
 11487 | Lair:2   | Reached **** piety under Okawaru
 11488 | Lair:2   | Reached XP level 12. HP: 71/77 MP: 12/15
 11588 | Lair:2   | 11588 ||| INVOKING Heroism.
 11589 | Lair:2   | 11589 ||| Stepping ~*~*~tactically~*~*~ (stealth).
 11595 | Lair:2   | 11595 ||| Stepping ~*~*~tactically~*~*~ (stealth).
 11622 | Lair:2   | 11622 ||| INVOKING Heroism.
 11679 | Lair:2   | Noticed Sonja
 11704 | Lair:2   | Killed Sonja
 11953 | Lair:2   | 11953 ||| DROPPING amulet of guardian spirit.
 12037 | Lair:3   | 12037 ||| FLEEEEING.
 12038 | Lair:3   | 12038 ||| FLEEEEING.
 12040 | Lair:3   | 12040 ||| INVOKING Heroism.
 12044 | Lair:3   | Noticed an ice dragon
 12046 | Lair:3   | 12046 ||| Stepping ~*~*~tactically~*~*~ (hiding).
 12047 | Lair:3   | 12047 ||| Stepping ~*~*~tactically~*~*~ (hiding).
 12057 | Lair:3   | HP: 17/77 [ice dragon/blast of cold (38)]
 12058 | Lair:3   | 12058 ||| DRINKING 2 potions of heal wounds.
 12062 | Lair:3   | 12062 ||| INVOKING Heroism.
 12072 | Lair:3   | Killed from afar by an ice dragon

Levels and vault maps discovered:
D:1:      spicycebolla_arrival_risky_transporter, layout_basic,
          shapermc_ecumenical_altar_mp_highgroup, minmay_misc_feat_alley,
          minmay_worlds_worst_comb
D:2:      kennysheep_six_static_rooms, layout_loops_corners
D:3:      layout_basic, serial_shops, shop_statue, nicolae_square_shop
D:4:      layout_rooms, nicolae_ru_great_annihilating_truth,
          cheibrodos_sewer_entry_sluice
D:5:      layout_cave_pools, fedhas_altar_1, minmay_temple_entry_glassed_door,
          uniq_grinder
D:6:      corexii_shantytown, layout_basic, serial_shops,
          nicolae_shop_waterfront, nicolae_shop_trees, nicolae_stop_n_shop_1,
          minmay_a_box_with_orc_wizards_in_it
D:7:      layout_basic, serial_shops, shop
D:8:      lemuel_ratsnest, layout_gridville, grunt_qazlal_clouds,
          lair_entry_dummy, serial_shops, kennysheep_mini, serial_glass,
          glass_columns_a, glass_columns_a, minmay_strange_pillars,
          feat_on_display, uniq_grum
D:9:      layout_irregular_city, mainiacjoe_overflow_catch_the_wave,
          serial_shops, nicolae_shop_bloodbath_and_beyond, dk_vineyard_2,
          uniq_harold, uniq_maggie
Lair:1:   layout_regular_city, hangedman_tree_tricks, serial_bayou_pond_e
Lair:2:   layout_chaotic_city, minmay_shoals_entry_centaurs,
          ebering_ghost_reflecting_pool, chequers_serial_rivers_small_3,
          uniq_sonja
Lair:3:   layout_loops_ring, minmay_snake_entry_six_corridors,
          chequers_serial_rivers_large_a, ice2_lemuel, lemuel_fruit_tree

Skill      XL: |  1  2  3  4  5  6  7  8  9 10 11 12 |
---------------+-------------------------------------+-----
Axes           | 2 3 4 5 6 7 8 9 10 12 | 12.3
Throwing       | 1 2 4 |  4.3
Fighting       | 4 6 7 8 9 10 | 10.0
Armour         | 4 5 6 7 9 |  9.0
Dodging        | 1 |  1.4
Shields        | 4 5 6 |  6.2
Invocations    | 3 4 5 |  5.8

Action                   |  1- 3 |  4- 6 |  7- 9 | 10-12 || total
-------------------------+-------+-------+-------+-------++-------
Melee: War axe           |    83 |    79 |   296 |   412 ||   870
Throw: Boomerang         |    18 |    38 |    23 |     6 ||    85
       Javelin           |       |    25 |    32 |    56 ||   113
Invok: Heroism           |       |       |       |    20 ||    20
  Use: Scroll            |     3 |     8 |    11 |     7 ||    29
       Potion            |       |     2 |     7 |     3 ||    12
 Stab: Invisible         |       |       |     1 |       ||     1
       Paralysed         |       |       |     1 |       ||     1
Armor: Scale mail        |    44 |     6 |       |       ||    50
       Plate armour      |       |    38 |   239 |   238 ||   515
Dodge: Dodged            |    37 |    22 |    72 |    80 ||   211
Block: Buckler           |    12 |    16 |    81 |   181 ||   290
       Reflection        |       |       |       |    11 ||    11

Table legend:
 A = Non-vault XP
 B = Vault XP
 C = Vault XP percentage of total XP
 D = Non-vault monster count
 E = Vault monster count
 F = Vault count percentage of total count
                 A         B        C        D         E       F
            +---------+---------+-------+---------+---------+-------
      Total |   15841 |    5835 |  26.9 |     180 |     143 |  44.3
            +---------+---------+-------+---------+---------+-------
        D:1 |      25 |       8 |  24.2 |      15 |       4 |  21.1
        D:2 |      45 |      23 |  33.8 |      18 |       6 |  25.0
        D:3 |     218 |       0 |   0.0 |      21 |       0 |   0.0
        D:4 |     284 |      15 |   5.0 |      23 |       7 |  23.3
        D:5 |     720 |     258 |  26.4 |      21 |       1 |   4.5
        D:6 |     410 |     285 |  41.0 |      17 |      33 |  66.0
        D:7 |    1152 |       0 |   0.0 |      12 |       0 |   0.0
        D:8 |     659 |     864 |  56.7 |       8 |      36 |  81.8
        D:9 |     884 |    1279 |  59.1 |       7 |       2 |  22.2
     Lair:1 |    4344 |    1152 |  21.0 |      15 |       2 |  11.8
     Lair:2 |    6536 |     436 |   6.3 |      20 |       4 |  16.7
     Lair:3 |     564 |    1111 |  66.3 |       3 |       6 |  66.7
      Sewer |       0 |     404 | 100.0 |       0 |      42 | 100.0
            +---------+---------+-------+---------+---------+-------
